 Dungeon Crawl Stone Soup version 0.30.1-9-gdf580d7c3d (webtiles) character file.

Game seed: 605978911557515993

56 lonewolfV2 the Trooper (level 3, -2/34 HPs)
             Began as a Minotaur Berserker on Oct 13, 2023.
             Was a Follower of Trog.
             Killed from afar by an orc wizard (5 damage)
             ... with a puff of flame
             ... on level 4 of the Dungeon.
             The game lasted 00:01:28 (861 turns).

lonewolfV2 the Trooper (Minotaur Berserker)          Turns: 861, Time: 00:01:28

Health: -2/34      AC:  2    Str: 23    XL:     3   Next: 71%
Magic:  2/2        EV: 12    Int: 10    God:    Trog [*.....]
Gold:   48         SH:  0    Dex:  9    Spells: 2/2 levels left

rFire   . . .        a - +0 hand axe
rCold   . . .        (no shield)
rNeg    . . .        b - +0 animal skin
rPois   .            (helmet restricted)
rElec   .            (no cloak)
rCorr   .            (no gloves)
SInv    .            (no boots)
Will    .....        (no amulet)
Stlth   +            e - +6 ring of intelligence
HPRegen 0.25/turn    (no ring)
MPRegen 0.08/turn

%: no passive effects
@: confused
A: horns 2, retaliatory headbutt
a: Renounce Religion, Berserk


You were on level 4 of the Dungeon.
You worshipped Trog.
Trog was aware of your devotion.
You visited 1 branch of the dungeon, and saw 3 of its levels.

You collected 48 gold pieces.

Inventory:

Hand Weapons
 a - a +0 hand axe (weapon)
Armour
 b - a +0 animal skin (worn)
Jewellery
 e - a +6 ring of intelligence (left hand)
Scrolls
 c - a scroll of amnesia {unknown}
 f - a scroll of noise {unknown}
 h - a scroll of torment {unknown}
 i - a scroll of enchant weapon {unknown}
 j - a scroll of identify {unknown}
Potions
 d - a potion of haste {unknown}
 g - a potion of degeneration {unknown}


   Skills:
 + Level 4.6 Fighting
 + Level 4.6 Axes
 - Level 2.7 Armour
 - Level 2.4 Dodging


You had 2 spell levels left.
You didn't know any spells.
Your spell library was empty.

Dungeon Overview and Level Annotations

Branches:
Dungeon (2/15)

Altars:

Shops:
D:1 !


Innate Abilities, Weirdness & Mutations

You have a pair of horns on your head.
You reflexively headbutt those who attack you in melee.


Message History

Trog accepts your kill.
You hit the orc.
The orc is severely wounded.
The orc closely misses you. You furiously retaliate!
You headbutt the orc.
You kill the orc!
Trog accepts your kill. The orc priest hits you with a +0 whip.
Items here: )) [ ††.
You closely miss the orc priest. The orc priest hits you with a +0 whip.
You slash the orc priest! You headbutt the orc priest.
The orc priest is severely wounded.
The orc wizard mumbles some strange words.
The orc wizard flickers and vanishes!
Deactivating autopickup; reactivate with Ctrl-A.
The orc priest hits you with a +0 whip.
* * * LOW HITPOINT WARNING * * *
You hit the orc priest.
The orc priest is almost dead.
The orc priest mumbles some strange prayers to Beogh against you.
You barely resist. The orc priest hits you with a +0 whip.
* * * LOW HITPOINT WARNING * * *
You closely miss the orc priest. You headbutt the orc priest.
You kill the orc priest!
Trog accepts your kill.
You have reached level 3!
Your experience leads to an increase in your attributes!
Your base attributes are Str 21, Int 4, Dex 9.
Increase (S)trength, (I)ntelligence, or (D)exterity?
You feel stronger. x2
Something hits you but does no damage.
You hear some strange, mumbled words.
You are confused.
The orc shouts!
A magic dart appears from out of thin air!
The magic dart hits you!
* * * LOW HITPOINT WARNING * * *
You bump into the rock wall.
A puff of flame appears from out of thin air!
The puff of flame hits you.
You die...

. ##. ..##..# #o.....
....o..## .....o..#
#......## ## #....## ...
##############..####....
.......@..{).o..........
################........
..........###....
########### ... #


You could see an orc.

Vanquished Creatures
  An orc priest (D:4)
  2 dart slugs (D:1)
  2 orcs (D:4)
  3 endoplasms
  A giant cockroach (D:1)
  A goblin (D:1)
  2 hobgoblins (D:1)
  A quokka (D:1)
  A bat (D:1)
  A frilled lizard (D:1)
  4 kobolds (D:1)
  4 rats (D:1)
23 creatures vanquished.

Notes
Turn   | Place    | Note
-------+----------+-------------------------------------------
     0 | D:1      | lonewolfV2 the Minotaur Berserker began the quest for the
                  | Orb.
     0 | D:1      | Reached XP level 1. HP: 19/19 MP: 0/0
   190 | D:1      | Reached XP level 2. HP: 27/27 MP: 1/1
   641 | D:1      | Found Goveli Vustro's Distillery.
   828 | D:2      | You fall into a shaft and drop 2 floors!
   858 | D:4      | Reached XP level 3. HP: 10/34 MP: 2/2
   861 | D:4      | Killed from afar by an orc wizard

Illustrated notes

Levels and vault maps discovered:
D:1:      minmay_arrival_solitary_statue, layout_basic, serial_shops, shop,
          minivault_27, minmay_crystal_water
D:2:      layout_loops_ring, basic_altar, minmay_misc_feat_enclosed
D:4:      layout_rooms, gammafunk_temple_overflow_statue, uniq_edmund, uniq_ijyb

Skill      XL: |  1  2 |
---------------+-------+-----
Fighting       | 4 |  4.6
Axes           | 4 |  4.6
Armour         | |  2.7
Dodging        | |  2.4

Action                     || total
---------------------------++-------
  Melee: Hand axe          ||    49
         Headbutt          ||     9
 Armour: Animal skin       ||     9
  Dodge: Dodged            ||    29
